 Dungeon Crawl Stone Soup version 0.21.1-1-g345015fe64 (webtiles) character file.

736 Gitz the Magician (level 7, -3/46 HPs)
             Began as a Demonspawn Wizard on May 20, 2018.
             Was an Initiate of Sif Muna.
             Killed by a distortion unwield (8 damage)
             ... on level 6 of the Dungeon.
             The game lasted 00:24:05 (5800 turns).

Gitz the Magician (Demonspawn Wizard)               Turns: 5800, Time: 00:24:06

Health: -3/46      AC:  6    Str:  8    XL:     7   Next: 46%
Magic:  9/16       EV: 12    Int: 21    God:    Sif Muna [......]
Gold:   302        SH:  0    Dex: 11    Spells: 10/18 levels left

rFire    . . .     SeeInvis .   (no weapon)
rCold    . . .     Gourm    .   (no shield)
rNeg     . . .     Faith    .   a - +0 robe
rPois    .         Spirit   .   b - +0 hat
rElec    .         Reflect  .   (no cloak)
rCorr    .         Harm     .   f - +0 pair of gloves
MR       .....                  g - +0 pair of boots
Stlth    ++........             (no amulet)
HPRegen  0.15/turn              (no ring)
MPRegen  0.15/turn              (no ring)

@: no status effects
A: slimy green scales 1, foul stench 1, powered by death 1, rot immunity
a: Renounce Religion


You were on level 6 of the Dungeon.
You worshipped Sif Muna.
Sif Muna was noncommittal.
You were hungry.

You visited 2 branches of the dungeon, and saw 7 of its levels.

You collected 302 gold pieces.

Inventory:

Hand Weapons
 r - a +0 trident of distortion
 y - a +2 morningstar of protection
Missiles
 k - 86 sling bullets
 l - 13 javelins (quivered)
Armour
 a - a +0 robe (worn)
 b - a +0 hat (worn)
 f - a +0 pair of gloves (worn)
 g - a +0 pair of boots (worn)
Wands
 x - a wand of paralysis (12)
Scrolls
 h - a scroll of fog {unknown}
 i - 2 scrolls of magic mapping {unknown}
 j - 6 scrolls of remove curse
 o - 4 scrolls of teleportation {unknown}
 s - a scroll of enchant weapon {unknown}
 u - a scroll of silence {unknown}
Potions
 e - a potion of lignification {unknown}
 m - 2 potions of flight
 n - 3 potions of curing
 p - a potion of might
 q - 2 potions of agility
 w - 2 potions of invisibility {unknown}
Books
 c - a book of Minor Magic

   Spells                             Type                      Level
   a - Magic Dart                     Conjuration                  1
   b - Blink                          Translocation                2
   c - Call Imp                       Summoning                    2
   d - Slow                           Hexes                        2
   e - Conjure Flame                  Conjuration/Fire             3
   f - Mephitic Cloud                 Conjuration/Poison/Air       3
 v - a book of Misfortune

   Spells                             Type                      Level
   a - Confusing Touch                Hexes                        1
   b - Confuse                        Hexes                        3
   c - Gell's Gravitas                Translocation                3
   d - Petrify                        Transmutation/Earth          4
   e - Metabolic Englaciation         Hexes/Ice                    5
   f - Yara's Violent Unravelling     Hexes/Transmutation          5
Comestibles
 d - 11 rations
 t - 9 chunks of flesh


   Skills:
   Level 0.7 Short Blades
 + Level 2.3 Dodging
 - Level 1.7 Stealth
 * Level 6.2 Spellcasting
 + Level 1.1 Conjurations
 * Level 5.2 Summonings
 + Level 0.9 Translocations


You had 10 spell levels left.
You knew the following spells:

 Your Spells              Type           Power        Failure   Level  Hunger
a - Magic Dart            Conj           ##..         6%          1    None
b - Call Imp              Summ           ####....     1%          2    None
c - Blink                 Tloc           N/A          10%         2    None
d - Gell's Gravitas       Tloc           ##........   19%         3    #......


Dungeon Overview and Level Annotations

Branches:
Dungeon (6/15)             Temple (1/1) D:5

Altars:
Cheibriados
Hepliaklqana
Nemelex Xobeh
Okawaru
Qazlal
Sif Muna
Uskayaw
Vehumet
Yredelemnul
The Shining One


Innate Abilities, Weirdness & Mutations

You are partially covered in slimy green scales. (AC +2)
You may emit foul miasma when damaged in melee.
You regenerate a little health from kills.
You are immune to rotting.


Message History

Sif Muna accepts your kill.
Reactivating autopickup.
You feel a bit more experienced.
Your crimson imp blinks! x2
You hit the orc priest but do no damage.
Space warps horribly around the orc priest!
You kill the orc priest!
Sif Muna accepts your kill.
Things that are here:
a morningstar of protection; a leather armour; an orc corpse You butcher the orc corpse.
t - 9 chunks of flesh (gained 2)
Things that are here:
a morningstar of protection; a leather armour; an orc skeleton
y - a morningstar of protection Your crimson imp disappears in a puff of smoke!
Wield which item (- for none, * to show all)? (? for menu, Esc to quit)
Really unwield
r - a +0 trident of distortion?
You are caught in a localised field of spatial distortion.
You die...

###### ###
#....##!$.
#.#.?...#
#.....#.#
##.#.#.#.#
#...#....###
##
#..#%#.#....
.#
#@.)#.......
.#
#.§#)#.#.#..
############
#....§......
...........#
#.5.#.......#
...........#
#.#..........
...........#
#.#.#.#.....#
....⌠......#
.............
..≈≈§≈≈....#
##.#.#.#?#...#
..≈...≈....#
.........$.


You could see a friendly crimson imp.

Vanquished Creatures
  The ghost of Gitz the Archer, an amateur CeHu (D:4)
  A sky beast (D:6)
  A scorpion (D:4)
  A howler monkey (D:5)
  A hound (D:6)
  An orc priest (D:6)
  An orc wizard (D:6)
  A worker ant (D:6)
  A gnoll (D:6)
  An adder (D:6)
  2 worms
  A leopard gecko (D:1)
  4 orcs
  3 giant cockroaches
  2 goblins
  7 hobgoblins
  4 jackals
  A quokka (D:2)
  4 bats
  6 frilled lizards
  A jackal zombie (D:6)
  4 kobolds
  A leopard gecko skeleton (D:4)
  7 rats
57 creatures vanquished.

Vanquished Creatures (collateral kills)
  An ogre (D:6)
  2 hounds
  A bullfrog skeleton (D:3)
  2 jellies
  3 worker ants
  2 gnolls (D:6)
  3 adders
  An ooze (D:2)
  4 worms
  A dart slug (D:4)
  A leopard gecko (D:5)
  10 orcs
  2 bats (D:1)
  2 giant cockroaches (D:2)
  2 goblins
  5 hobgoblins
  11 jackals
  4 kobolds
  2 quokkas
  A ball python (D:2)
  2 frilled lizards
  A quokka skeleton (D:4)
  4 rats
67 creatures vanquished.

Vanquished Creatures (others)
  2 orc wizards
  An ooze (D:3)
3 creatures vanquished.

Grand Total: 127 creatures vanquished

Notes
Turn   | Place    | Note
-------+----------+-------------------------------------------
     0 | D:1      | Gitz the Demonspawn Wizard began the quest for the Orb.
     0 | D:1      | Reached XP level 1. HP: 13/13 MP: 4/4
   477 | D:1      | Gained mutation: You are partially covered in slimy green scales. (AC +2) [demonic ancestry]
   477 | D:1      | Reached XP level 2. HP: 5/19 MP: 0/6
   619 | D:1      | Learned a level 2 spell: Call Imp
   622 | D:1      | Learned a level 2 spell: Blink
  1395 | D:1      | Gained mutation: You are immune to rotting. [demonic ancestry]
  1395 | D:1      | Reached XP level 3. HP: 20/24 MP: 5/8
  2080 | D:2      | Reached skill level 4 in Spellcasting
  2530 | D:3      | Reached XP level 4. HP: 30/30 MP: 1/10
  2743 | D:3      | Found a stormy altar of Qazlal.
  3283 | D:3      | Found a hazy altar of Hepliaklqana.
  3497 | D:4      | Reached XP level 5. HP: 34/35 MP: 5/11
  3533 | D:4      | Got a bronze ring mail
  3572 | D:4      | Identified the cursed +0 ring mail "Gaibeul" {rElec rF+ Slay-3} (You found it on level 4 of the Dungeon)
  3758 | D:4      | Noticed Gitz's ghost (amateur CeHu)
  4369 | D:4      | Killed Gitz's ghost
  4369 | D:4      | Reached skill level 5 in Spellcasting
  4369 | D:4      | Gained mutation: You may emit foul miasma when damaged in melee. [demonic ancestry]
  4369 | D:4      | Reached XP level 6. HP: 30/41 MP: 2/13
  4654 | D:5      | Entered Level 5 of the Dungeon
  4932 | D:5      | Found a staircase to the Ecumenical Temple.
  4939 | Temple   | Entered the Ecumenical Temple
  4965 | Temple   | Became a worshipper of Sif Muna the Loreminder
  5348 | D:6      | Noticed a sky beast
  5380 | D:6      | Killed a sky beast
  5446 | D:6      | Gained mutation: You regenerate a little health from kills. [demonic ancestry]
  5446 | D:6      | Reached XP level 7. HP: 45/46 MP: 8/15
  5535 | D:6      | Learned a level 3 spell: Gell's Gravitas
  5578 | D:6      | Reached skill level 5 in Summonings
  5668 | D:6      | Reached skill level 6 in Spellcasting
  5800 | D:6      | Killed by a distortion unwield

Skill      XL: |  1  2  3  4  5  6  7 |
---------------+----------------------+-----
Dodging        | 2 |  2.3
Spellcasting   | 4 5 6 |  6.2
Summonings     | 2 3 4 5 |  5.2
Short Blades   | |  0.7
Stealth        | |  1.7
Conjurations   | |  1.1
Translocations | |  0.9

Action                   |  1- 3 |  4- 6 |  7- 9 || total
-------------------------+-------+-------+-------++-------
Melee: Short sword       |   114 |     1 |       ||   115
       Unarmed           |    14 |       |       ||    14
       Trident           |       |    72 |    32 ||   104
Throw: Javelin           |       |     1 |       ||     1
 Cast: Magic Dart        |    18 |     7 |       ||    25
       Call Imp          |    40 |    74 |    17 ||   131
       Blink             |       |     3 |       ||     3
  Use: Scroll            |       |     6 |       ||     6
 Stab: Sleeping          |     1 |     2 |       ||     3
       Distracted        |     1 |     2 |       ||     3
  Eat: Chunk             |     6 |     6 |     1 ||    13
       Ration            |       |     1 |       ||     1
Armor: Robe              |    40 |    18 |    10 ||    68
Dodge: Dodged            |   104 |    45 |    15 ||   164
